 Dungeon Crawl Stone Soup version 0.28-a0-80-g9707f7362f (webtiles) character file.

Game seed: 16584247963670514556

2011 HAL9000 the Transmogrifier (level 9, -3/68 HPs)
             Began as a White Draconian Transmuter on Aug 5, 2021.
             Killed from afar by Maggie (13 damage)
             ... with a bolt of fire
             ... on level 6 of the Dungeon.
             The game lasted 00:11:22 (8140 turns).

HAL9000 the Transmogrifier (DrTm)                   Turns: 8140, Time: 00:11:23

Health: -3/68      AC:  9    Str: 12    XL:     9   Next: 2%
Magic:  11/12      EV: 12    Int: 17    God:
Gold:   326        SH:  0    Dex: 12    Spells: 6/12 levels left

rFire   . . .      SeeInvis .     - Unarmed
rCold   + . .      Faith    .   (no shield)
rNeg    . . .      Spirit   .   (armour unavailable)
rPois   +          Reflect  .   (helmet currently unavailable)
rElec   .          Harm     .   a - +0 cloak
rCorr   .          Rampage  .   d - +0 pair of gloves
Will    .....                   (boots currently unavailable)
Stlth   +.........              (no amulet)
HPRegen 0.21/turn               w - ring of poison resistance
MPRegen 0.13/turn               (no ring)

@: appendages, marked, wereblooded, mesmerised
A: horns 2, talons 2, breathe frost, AC +7, unfitting armour, cold resistance 1,
cold-blooded
a: Breathe Frost, End Transformation


You were on level 6 of the Dungeon.
You had temporarily grown beastly horns and talons.
You visited 1 branch of the dungeon, and saw 6 of its levels.
You also visited: Sewer.

You collected 326 gold pieces.

Inventory:

Armour
 a - a +0 cloak (worn)
 d - a +0 pair of gloves (worn)
 z - a +2 hat (melded)
Magical Staves
 y - a staff of conjuration
Jewellery
 c - a ring of ice
 w - a ring of poison resistance (left hand)
Wands
 q - a wand of digging (4)
 x - a wand of iceblast (8)
Scrolls
 g - a scroll of enchant weapon {unknown}
 h - a scroll of magic mapping
 j - 2 scrolls of noise {unknown}
 l - a scroll of immolation {unknown}
 p - 2 scrolls of fear {unknown}
 r - a scroll of amnesia {unknown}
 t - a scroll of vulnerability {unknown}
 u - a scroll of acquirement {unknown}
 v - a scroll of fog {unknown}
Potions
 b - 2 potions of heal wounds
 f - a potion of lignification
 i - 2 potions of curing
 k - 2 potions of invisibility
 m - a potion of berserk rage
 n - a potion of might {unknown}
 o - a potion of brilliance {unknown}
 s - 2 potions of haste {unknown}


   Skills:
 + Level 2.5 Fighting
 - Level 1.7 Dodging
 + Level 6.8 Unarmed Combat
 - Level 2.0 Spellcasting
 - Level 10.0 Transmutations


You had 6 spell levels left.
You knew the following spells:

 Your Spells              Type           Power      Damage    Failure   Level
a - Beastly Appendage     Tmut           70%        N/A       1%          1
b - Wereblood             Tmut           35%        N/A       1%          2
c - Spider Form           Tmut/Pois      9%         N/A       8%          3

Your spell library contained the following spells:

 Spells                   Type           Power      Damage    Failure   Level
 Ice Form                 Ice/Tmut       18%        N/A       24%         4
 Blink                    Tloc           N/A        N/A       28%         2
 Lesser Beckoning         Tloc           0%         N/A       50%         3
 Leda's Liquefaction      Hex/Erth       0%         N/A       88%         4
 Statue Form              Tmut/Erth      12%        N/A       98%         6
 Bolt of Magma            Conj/Fire/Erth 0%         4d4       99%         5
 Iskenderun's Battlesphe  Conj           1%         2d6       99%         5
 Manifold Assault         Tloc           1%         N/A       99%         5
 Iron Shot                Conj/Erth      0%         9d1       100%        6
 Spellforged Servitor     Conj/Summ      0%         N/A       100%        7


Dungeon Overview and Level Annotations

Branches:
Dungeon (6/15)              Sewer (visited)
 Temple: D:4-7

Altars:
Cheibriados
Ru
Trog
Uskayaw
Vehumet

Annotations:
D:6 Maggie


Innate Abilities, Weirdness & Mutations

You have temporarily grown beastly horns and talons.
You can breathe waves of freezing cold which knock back foes.
Your icy white scales are hard. (AC +7)
You cannot fit into any form of body armour.
Your flesh is cold resistant. (rC+)
You are cold-blooded and may be slowed by cold attacks.


Message History

The orc dies!
The bolt of fire hits you!!
* * * LOW HITPOINT WARNING * * *
A water moccasin skeleton comes into view.
Unknown command.
As you read the scroll of teleportation, it crumbles to dust.
You feel strangely unstable. The orc closely misses you.
Unknown command.
Maggie zaps a wand.
The mass of ice explodes!
The iceblast engulfs you. You partially resist.
* * * LOW HITPOINT WARNING * * *
An orc wizard comes into view. It is wielding a +0 dagger.
Unknown command.
Maggie says, "Fear not.
I will immortalize you in the tale of my first kill."
Maggie casts a spell at you. The bolt of fire hits you.
* * * LOW HITPOINT WARNING * * *
You punch Maggie!
Maggie is lightly wounded.
The orc hits you with a +0 war axe.
* * * LOW HITPOINT WARNING * * *
An ogre comes into view. It is wielding a +0 giant club.
An orc comes into view. It is wielding a +0 whip.
Unknown command.
You hit Maggie but do no damage. You punch Maggie, but do no damage.
Maggie is lightly wounded.
Maggie misses you. The orc hits you with a +0 war axe.
* * * LOW HITPOINT WARNING * * *
The orc wizard casts a spell.
The orc wizard flickers and vanishes!
Deactivating autopickup; reactivate with Ctrl-A.
The water moccasin skeleton closely misses you.
You hit Maggie.
Your tail-slap misses Maggie.
Maggie is moderately wounded.
Your surroundings seem slightly different.
You howl as the wereblood boils in your veins!
Maggie says, "If you die in the Dungeon, but nobody's around to see it, does it really matter?"
Maggie gestures at you while chanting. The bolt of fire hits you!
You die...

# #... ## #.##... #. #
###...... #.##
.###...##... ##...
...........
...######..########
...........# ##
#.........# #.
#@....Z...# #.
#.....@..)# ##.
#........o...## ##..
.....##.........{####..#
##.. #...).......O.....
#. ..........>#####.o.
.. ....$......o....... .
...######..[..##### .^##
#..#####


You could see Maggie (mesmerising), an orc and a water moccasin skeleton.

Vanquished Creatures
  Pikel (D:4)
  Grinder (D:3)
  Eustachio (D:4)
  Menkaure (D:6)
  A water moccasin (Sewer)
  An ice beast (D:5)
  2 necrophages
  An ogre (D:3)
  2 phantoms (D:4)
  Blork the orc (D:5)
  A howler monkey (D:5)
  A hound (D:4)
  An orc priest (D:5)
  3 iguanas
  2 orc wizards
  4 gnolls
  7 adders
  A shadow imp (D:5)
  An adder skeleton (D:4)
  2 worms
  A dart slug (D:2)
  12 orcs
  4 ball pythons
  11 endoplasms
  5 giant cockroaches
  7 goblins
  6 hobgoblins
  17 jackals
  10 kobolds
  5 quokkas
  8 bats
  6 frilled lizards
  5 rats
  A toadstool (D:1)
133 creatures vanquished.

Vanquished Creatures (others)
  An orc (D:6)
  3 toadstools (D:1)
4 creatures vanquished.

Grand Total: 137 creatures vanquished

Notes
Turn   | Place    | Note
-------+----------+-------------------------------------------
     0 | D:1      | HAL9000 the Draconian Transmuter began the quest for the
                  | Orb.
     0 | D:1      | Reached XP level 1. HP: 16/16 MP: 3/3
    81 | D:1      | Found a faded altar of an unknown god.
   329 | D:1      | Reached XP level 2. HP: 19/23 MP: 3/5
   796 | D:1      | Reached skill level 3 in Transmutations
   938 | D:1      | Learned a level 2 spell: Wereblood
  1078 | D:1      | Reached XP level 3. HP: 27/28 MP: 2/6
  1082 | D:1      | Learned a level 3 spell: Spider Form
  1415 | D:2      | Noticed a necrophage
  1424 | D:2      | Killed a necrophage
  1425 | D:2      | Reached skill level 5 in Transmutations
  1425 | D:2      | Reached XP level 4. HP: 28/35 MP: 5/7
  1896 | D:2      | Reached XP level 5. HP: 40/40 MP: 8/8
  2191 | D:3      | Noticed an ogre
  2293 | D:3      | Found a glowing drain.
  2309 | D:3      | Killed an ogre
  2310 | D:3      | Reached skill level 6 in Transmutations
  2321 | Sewer    | Entered a sewer
  2348 | Sewer    | Noticed a water moccasin
  2370 | Sewer    | HP: 2/40 [water moccasin (6)]
  2373 | Sewer    | Killed a water moccasin
  2374 | Sewer    | Reached XP level 6. HP: 2/47 MP: 5/9
  3180 | D:3      | Reached skill level 7 in Transmutations
  3586 | D:3      | Noticed Grinder
  3606 | D:3      | Killed Grinder
  3607 | D:3      | Reached skill level 8 in Transmutations
  3607 | D:3      | Your scales start taking on an icy white colour.
  3607 | D:3      | Reached XP level 7. HP: 17/52 MP: 8/10
  3607 | D:3      | Gained mutation: Your flesh is cold resistant. (rC+) [White
                  | Draconian growth]
  3905 | D:3      | Found a radiant altar of Vehumet.
  3915 | D:3      | Found a hide-covered altar of Uskayaw.
  3919 | D:3      | Found a sacrificial altar of Ru.
  4224 | D:4      | Noticed Eustachio
  4816 | D:4      | Noticed Pikel
  4841 | D:4      | Killed Pikel
  4842 | D:4      | Reached skill level 9 in Transmutations
  4842 | D:4      | Reached XP level 8. HP: 6/59 MP: 9/11
  5490 | D:4      | Killed Eustachio
  5491 | D:4      | Reached skill level 10 in Transmutations
  5641 | D:4      | Found a bloodstained altar of Trog.
  6605 | D:5      | Entered Level 5 of the Dungeon
  6686 | D:5      | Reached skill level 5 in Unarmed Combat
  7180 | D:5      | Found a snail-covered altar of Cheibriados.
  7222 | D:5      | Noticed Blork the orc
  7238 | D:5      | Killed Blork the orc
  8110 | D:6      | Noticed Menkaure
  8123 | D:6      | Killed Menkaure
  8123 | D:6      | Noticed Maggie
  8124 | D:6      | Reached XP level 9. HP: 46/68 MP: 8/12
  8140 | D:6      | Killed from afar by Maggie

Illustrated notes

Levels and vault maps discovered:
D:1:      ldierk_water_garden, layout_basic, ebering_ecumenical_altar_box,
          minmay_misc_feat_five, minmay_misc_feat_roman, minmay_pentomino_s4
D:2:      layout_basic, minmay_close_crescents
D:3:      minmay_recursive_quarters, layout_basic,
          nicolae_overflow_hidden_temple, cheibrodos_sewer_entry_bend,
          serial_bayou_pond_e, uniq_grinder
D:4:      minmay_bubble_buster, layout_basic, trog_three_pillars_becter,
          uniq_eustachio, uniq_pikel
D:5:      layout_gridville, cheibriados_altar_1, uniq_blork_the_orc
D:6:      layout_rooms, uniq_menkaure, uniq_maggie

Skill      XL: |  1  2  3  4  5  6  7  8 |
---------------+-------------------------+-----
Transmutations | 3 5 6 8 9 10 | 10.0
Unarmed Combat | 6 |  6.8
Fighting       | 2 |  2.5
Dodging        | |  1.7
Spellcasting   | |  2.0

Action                   |  1- 3 |  4- 6 |  7- 9 || total
-------------------------+-------+-------+-------++-------
Melee: Unarmed           |    78 |   205 |   272 ||   555
       Kick              |    12 |    16 |    38 ||    66
       Tailslap          |     5 |    15 |    16 ||    36
       Headbutt          |     4 |    11 |    16 ||    31
       Punch             |       |     2 |     4 ||     6
 Cast: Beastly Appendage |    12 |    17 |    20 ||    49
       Wereblood         |     2 |     7 |     6 ||    15
       Spider Form       |       |     4 |     3 ||     7
 Abil: Breathe Frost     |       |       |     7 ||     7
  Use: Potion            |       |     2 |       ||     2
       Scroll            |       |     1 |     5 ||     6
Armor: Skin              |    30 |    72 |    82 ||   184
Dodge: Dodged            |    49 |   146 |   172 ||   367

Table legend: (Time is in decaauts)
 A = Elapsed time spent in this place.
 B = Non-inter-level travel time spent in this place.
 C = Inter-level travel time spent in this place.
 D = Time resting spent in this place.
 E = Time spent auto-exploring this place.
 F = Levels seen in this place.
 G = Mean time per level.
                   A        B        C        D        E       F      G
               +--------+--------+--------+--------+--------+-----+--------+
         Total |   8118 |   7869 |    249 |   1961 |   4595 |   7 | 1159.7 |
       Dungeon |   7746 |   7497 |    249 |   1683 |   4574 |   6 | 1291.0 |
         Sewer |    371 |    371 |      0 |    278 |     21 |   1 |  371.0 |
               +--------+--------+--------+--------+--------+-----+--------+

Top non-repeatable levels by time:
     D:3: 2113 daAuts
     D:4: 1875 daAuts
     D:5: 1448 daAuts
     D:1: 1164 daAuts
     D:2: 1084 daAuts
   Sewer: 371 daAuts
     D:6: 60 daAuts
